 Dungeon Crawl Stone Soup version 0.18-a0-1774-gce1f7b6 (webtiles) character file.

67 M4edhros the Poker (level 3, -1/29 HPs)
             Began as a Mummy Chaos Knight on Apr 15, 2016.
             Slain by simok's ghost (9 damage)
             ... on level 3 of the Dungeon.
             The game lasted 00:01:40 (1671 turns).

M4edhros the Poker (Mummy Chaos Knight)             Turns: 1671, Time: 00:01:41

Health: -1/29      AC:  5    Str: 15    XL:     3   Next: 98%
Magic:  3/3        EV:  6    Int: 11    God:    Xom [*.....]
Gold:   48         SH:  0    Dex: 12    Spells: 0 memorised, 2 levels left

rFire  x . .     SeeInvis .     a - +0 spear (chaos)
rCold  + . .     Gourm    .     b - +2 leather armour
rNeg   + + +     Faith    .     (no shield)
rPois  ∞         Spirit   .     (no helmet)
rElec  .         Dismiss  .     (no cloak)
rCorr  .         Reflect  .     (no gloves)
SustAt .         Harm     .     (no boots)
MR     .....                    (no amulet)
Stlth  +.........               (no ring)
                                (no ring)

@: not resistant to hostile enchantments, very unstealthy
A: no food or potions, fire vulnerability, cold resistance 1, negative energy
resistance 3, torment resistance, unbreathing
a: Renounce Religion


You were on level 3 of the Dungeon.
You worshipped Xom.
You were a special plaything of Xom.
You were not hungry.

You visited 1 branch of the dungeon, and saw 3 of its levels.

You collected 48 gold pieces.

Inventory:

Hand Weapons
 a - a +0 spear of chaos (weapon)
 f - a +0 hunting sling
Missiles
 g - 42 sling bullets
 i - 61 stones (quivered)
Armour
 b - a +2 leather armour (worn)
Scrolls
 c - a scroll of magic mapping {unknown}
 d - 4 scrolls of identify {unknown}
 e - a scroll of teleportation {unknown}
 h - a scroll of random uselessness {unknown}
 j - 2 scrolls of noise {unknown}
 k - a scroll of recharging {unknown}
Books
 l - a book of Maledictions

   Spells                             Type                      Level
   a - Corona                         Hexes                        1
   b - Ensorcelled Hibernation        Hexes/Ice                    2
   c - Confuse                        Hexes                        3
   d - Tukima's Dance                 Hexes                        3
   e - Dazzling Spray                 Conjuration/Hexes            3


   Skills:
 - Level 3.0 Fighting
 + Level 4.0 Polearms
 - Level 1.5 Armour
 - Level 0.7 Dodging


You had 2 spell levels left.
You didn't know any spells.

Dungeon Overview and Level Annotations

Branches:
Dungeon (3/15)

Altars:
Cheibriados
Nemelex Xobeh
Sif Muna
Zin

Annotations:
D:3 simok's ghost, amateur HOWn


Innate Abilities, Weirdness & Mutations

You do not eat or drink.
Your flesh is vulnerable to fire.
You are immune to poison.
Your flesh is cold resistant.
You are immune to negative energy.
You are immune to unholy pain and torment.
You can survive without breathing.


Message History

You closely miss the hobgoblin. The hobgoblin hits you with a club.
You closely miss the hobgoblin. The hobgoblin barely misses you.
You hit the hobgoblin.
The hobgoblin is severely wounded.
You hit the hobgoblin.
You kill the hobgoblin!
Things that are here:
a club; a hobgoblin corpse You butcher the hobgoblin corpse.
Things that are here:
a club; 4 chunks of flesh; a hobgoblin skeleton
There is a stone staircase leading down here.
You climb downwards.
Level annotation: simok's ghost, amateur HOWn Simok's ghost hits you.
Simok's ghost hits you!
* * * LOW HITPOINT WARNING * * *
There is a stone staircase leading up here.
Simok's ghost hits you!
You die...
Xom howls with laughter!

..# #...# .# #!# #...#
.# # #.# #...# .# # #/#
#.%.# .#
####.#####...####.#
##..........##....♣♣♣♣♣♣
.<......................
.......(.......#W#♣♣♣♣♣
##.#.#####..####@# #.#.#
#..# #.# #.#.# #..#
##.## ....# ##..###...##
..#.. ...........#
####.# ########.#.# #..
..#. ...#. ..#


You could see simok's ghost.

Vanquished Creatures
  Robin (D:2)
  An adder (D:2)
  2 dart slugs (D:1)
  2 giant geckos
  An orc (D:3)
  2 bats (D:2)
  A giant cockroach (D:2)
  7 hobgoblins
  3 kobolds
  3 giant newts
  8 goblins
  8 rats
39 creatures vanquished.

Notes
Turn   | Place    | Note
--------------------------------------------------------------
     0 | D:1      | M4edhros the Mummy Chaos Knight began the quest for the Orb.
     0 | D:1      | Reached XP level 1. HP: 18/18 MP: 1/1
   216 | D:1      | Reached XP level 2. HP: 21/24 MP: 2/2
   222 | D:1      | Reached skill level 3 in Polearms
   396 | D:1      | XOM: divination: detect items
   412 | D:1      | XOM: colour smoke trail
   946 | D:2      | XOM: 2-stop teleportation journey
   992 | D:2      | Noticed Robin
  1014 | D:2      | XOM: potion effect (brilliance)
  1014 | D:2      | Killed Robin
  1014 | D:2      | Reached XP level 3. HP: 13/29 MP: 3/3
  1254 | D:2      | Found a glowing silver altar of Zin.
  1514 | D:2      | Reached skill level 4 in Polearms
  1552 | D:2      | Found a deep blue altar of Sif Muna.
  1617 | D:3      | Found a sparkling altar of Nemelex Xobeh.
  1617 | D:3      | Found a snail-covered altar of Cheibriados.
  1617 | D:3      | XOM: 4-stop teleportation journey
  1632 | D:3      | Noticed simok's ghost (amateur HOWn)
  1671 | D:3      | Slain by simok's ghost

Vault maps used:
D:1:      lemuel_arrival_tunnels
D:2:      nicolae_overflow_hidden_temple, lemuel_blue_sif_altar, uniq_robin
D:3:      kiku_gazebo_pond_becter, okawaru_altar_gauntlet_db,
          gammafunk_temple_overflow_elements, serial_forest,
          infiniplex_forest_straight_2, infiniplex_forest_straight_1,
          infiniplex_forest_lined_1, infiniplex_forest_lined_2,
          infiniplex_forest_lined_corner, infiniplex_forest_join,
          infiniplex_forest_straight_3, infiniplex_forest_clump_tiny,
          grunt_pakellas_basics, uniq_grinder

Skill      XL: |  1  2  3 |
---------------+----------+-----
Polearms       | 3 4 |  4.0
Fighting       | |  3.0
Armour         | |  1.5
Dodging        | |  0.7

Action                   || total
-------------------------++-------
Melee: Spear             ||   132
 Stab: Sleeping          ||     1
       Confused          ||     1
Armor: Leather armour    ||    41
Dodge: Dodged            ||    45
